 Dungeon Crawl Stone Soup version 0.30-a0-528-g8c47a4955b (webtiles) character file.

Game seed: 17139918617217035371

854 arthad the Cudgeller (level 7, -2/70 HPs)
             Began as a Troll Berserker on Dec 23, 2022.
             Was a Believer of Trog.
             Slain by a water moccasin (6 damage)
             ... on level 5 of the Dungeon.
             The game lasted 00:09:09 (3757 turns).

arthad the Cudgeller (Troll Berserker)              Turns: 3757, Time: 00:09:09

Health: -2/70      AC:  4    Str: 28    XL:     7   Next: 70%
Magic:  6/6        EV: 10    Int:  3    God:    Trog [**....]
Gold:   142        SH:  0    Dex:  9    Spells: 6/6 levels left

rFire   . . .      SeeInvis .    t - +0 whip (flame)
rCold   + . .      Faith    .    (no shield)
rNeg    . . .      Spirit   .    b - +0 animal skin
rPois   .          Reflect  .    (helmet restricted)
rElec   .          Harm     .    (no cloak)
rCorr   +          Rampage  .    (gloves unavailable)
Will    .....                    (boots unavailable)
Stlth   +                        l - amulet of regeneration
HPRegen 1.91/turn                h - ring of resist corrosion
MPRegen 0.10/turn                m - ring of protection from cold

@: lethally poisoned (-2 -> -6), on berserk cooldown
A: large, unfitting armour, claws 3, regeneration 1, shaggy fur 1, tough skin 1
a: Renounce Religion, Berserk, Trog's Hand


You were on level 5 of the Dungeon.
You worshipped Trog.
Trog was pleased with you.
You visited 1 branch of the dungeon, and saw 5 of its levels.

You collected 182 gold pieces.
You spent 40 gold pieces at shops.

Inventory:

Hand Weapons
 a - a +0 mace
 t - a +0 whip of flaming (weapon)
 D - a +0 flail
Missiles
 f - 5 poisoned darts (quivered)
 s - 5 large rocks
Armour
 b - a +0 animal skin (worn)
Jewellery
 h - a ring of resist corrosion (left claw)
 l - an amulet of regeneration (around neck)
 m - a ring of protection from cold (right claw)
Scrolls
 c - 2 scrolls of brand weapon {unknown}
 d - a scroll of immolation {unknown}
 g - a scroll of fog {unknown}
 i - a scroll of magic mapping {unknown}
 j - a scroll of summoning {unknown}
 k - a scroll of poison {unknown}
 n - 2 scrolls of blinking {unknown}
 q - a scroll of enchant armour {unknown}
 r - 2 scrolls of amnesia {unknown}
 v - 4 scrolls of identify {unknown}
 y - 2 scrolls of fear {unknown}
 B - a scroll of enchant weapon {unknown}
 C - 3 scrolls of noise {unknown}
Potions
 e - a potion of curing {unknown}
 o - a potion of mutation {unknown}
 p - a potion of might
 u - 2 potions of brilliance {unknown}
 w - a potion of attraction {unknown}
 x - 2 potions of lignification {unknown}
 z - 2 potions of flight {unknown}
 A - a potion of degeneration {unknown}
 E - 2 potions of haste {unknown}
 F - a potion of magic {unknown}


   Skills:
 * Level 4.2 Fighting
 * Level 4.7 Maces & Flails
 + Level 1.3 Throwing
 + Level 2.2 Armour
 * Level 4.2 Dodging
 + Level 1.5 Stealth


You had 6 spell levels left.
You didn't know any spells.
Your spell library contained the following spells:

 Spells                   Type           Power      Damage    Failure   Level
 Apportation              Tloc           0%         N/A       52%         1
 Magic Dart               Conj           0%         1d3       52%         1
 Necrotise                Necr           0%         1d4       52%         1
 Searing Ray              Conj           0%         2d4       67%         2
 Vampiric Draining        Necr           0%         2d6       88%         3
 Fulminant Prism          Conj/Hex       0%         3d5       99%         4
 Agony                    Necr           0%         N/A       100%        5
 Alistair's Intoxication  Tmut/Pois      0%         N/A       100%        5


Dungeon Overview and Level Annotations

Branches:
Dungeon (5/15)
 Temple: D:4-7

Altars:

Shops:
D:2 !(*?!   D:5 :


Innate Abilities, Weirdness & Mutations

You are too large for most types of armour.
You have claws for hands.
Your natural rate of healing is unusually fast.
You are covered in fur. (AC +1)
You have tough skin. (AC +1)


Message History

The water moccasin is almost dead.
You feel sick.
The water moccasin bites you but does no damage.
The water moccasin closely misses you.
You miss the water moccasin.
The water moccasin is almost dead.
You feel sick. The water moccasin bites you.
The water moccasin bites you but does no damage.
You barely miss the water moccasin.
The water moccasin is almost dead.
You feel sick. The water moccasin bites you.
You barely miss the water moccasin.
The water moccasin is almost dead.
You feel sick.
You are no longer poisoned.
The water moccasin closely misses you. The water moccasin bites you.
* * * LOW HITPOINT WARNING * * *
You are poisoned.
The water moccasin poisons you!
You barely miss the water moccasin.
The water moccasin is almost dead.
You feel yourself speed up.
You feel very sick.
The water moccasin bites you but does no damage. x2
You miss the water moccasin.
The water moccasin is almost dead.
You feel sick. The water moccasin bites you.
* * * LOW HITPOINT WARNING * * *
You hit the water moccasin. You burn the water moccasin.
The water moccasin is almost dead.
You feel sick. The water moccasin bites you!
* * * LOW HITPOINT WARNING * * *
You are lethally poisoned!
The water moccasin poisons you!
You miss the water moccasin.
The water moccasin is almost dead.
* * * LOW HITPOINT WARNING * * *
You feel very sick. The water moccasin misses you.
The water moccasin bites you.
You die...

...# #..# #..## #
....#.# gg.####....
g(.......# #.# #####
#S# # ##...## #@#
###.##.....###.# #..
.........#.#
#.####.....#.#.#
#.##......##.#.#
#.##.###.###.#.# #
#.#..# #.....>.##....
###.#..###............#
.......[.(.###.####.###


You could see a water moccasin.

Vanquished Creatures
  Grinder (D:3)
  A black bear (D:5)
  An ogre (D:5)
  2 necrophages (D:5)
  An orc priest (D:4)
  Natasha (thrice) (D:2)
  An iguana (D:4)
  An orc wizard (D:4)
  7 gnolls (D:4)
  5 adders
  2 worms
  A dart slug (D:1)
  10 orcs
  6 ball pythons
  6 endoplasms
  6 giant cockroaches
  7 goblins
  4 hobgoblins
  4 jackals (D:3)
  8 kobolds
  6 quokkas
  A frilled lizard (D:2)
  5 rats
89 creatures vanquished.

Notes
Turn   | Place    | Note
-------+----------+-------------------------------------------
     0 | D:1      | arthad the Troll Berserker began the quest for the Orb.
     0 | D:1      | Reached XP level 1. HP: 22/22 MP: 0/0
   148 | D:1      | Reached XP level 2. HP: 29/29 MP: 1/1
   695 | D:1      | Found a faded altar of an unknown god.
   736 | D:2      | Found Vireje's Weapon Boutique.
   873 | D:2      | Noticed Natasha
   881 | D:2      | Killed Natasha
   882 | D:2      | Reached XP level 3. HP: 28/36 MP: 2/2
  1094 | D:2      | Noticed Natasha
  1107 | D:2      | Killed Natasha
  1108 | D:2      | Reached XP level 4. HP: 20/45 MP: 3/3
  1177 | D:2      | Noticed Natasha
  1187 | D:2      | Killed Natasha
  1187 | D:2      | Reached ** piety under Trog
  1188 | D:2      | Reached skill level 1 in Armour
  1267 | D:2      | Found Oschoaboc's Distillery.
  1278 | D:2      | Bought a potion of might for 40 gold pieces
  1314 | D:2      | Found Qoup's Magic Scroll Shop.
  1392 | D:2      | Found Igog's General Store.
  1411 | D:2      | Found Ohilib's Distillery.
  1829 | D:3      | Reached XP level 5. HP: 53/53 MP: 4/4
  1914 | D:3      | Noticed Grinder
  1933 | D:3      | Killed Grinder
  1934 | D:3      | Reached skill level 1 in Stealth
  1934 | D:3      | Reached XP level 6. HP: 28/61 MP: 5/5
  3081 | D:4      | Reached XP level 7. HP: 41/68 MP: 6/6
  3584 | D:5      | Entered Level 5 of the Dungeon
  3605 | D:5      | Found Yxeushorph's Book Shoppe.
  3617 | D:5      | Reached skill level 1 in Throwing
  3757 | D:5      | Slain by a water moccasin

Illustrated notes

Levels and vault maps discovered:
D:1:      amcnicky_arrival_single_pillar, layout_loops_ring,
          shapermc_ecumenical_altar_mp_vishouse
D:2:      layout_loops_corners, serial_shops, shop, shop,
          nicolae_shop_advertising_works [nicolae_subvault_shop_adworks],
          nicolae_shop_crystal, shop, uniq_natasha
D:3:      layout_basic, minmay_quantized, uniq_grinder
D:4:      minmay_skewed_foursquare, layout_basic
D:5:      lemuel_castle_with_subvaults [lemuel_castle_interior_carwin_1],
          layout_loops_ring, nicolae_take_the_stairs, uniq_crazy_yiuf_cottage

Skill      XL: |  1  2  3  4  5  6  7 |
---------------+----------------------+-----
Maces & Flails | 3 4 |  4.7
Fighting       | 3 4 |  4.2
Armour         | 1 2 |  2.2
Dodging        | 3 4 |  4.2
Stealth        | 1 |  1.5
Throwing       | 1 |  1.3

Action                   |  1- 3 |  4- 6 |  7- 9 || total
-------------------------+-------+-------+-------++-------
Melee: Mace              |    61 |   218 |     6 ||   285
       Punch             |       |     2 |     1 ||     3
       Whip              |       |       |    78 ||    78
Invok: Berserk           |       |     3 |     1 ||     4
       Trog's Hand       |       |     2 |       ||     2
 Stab: Sleeping          |       |     1 |       ||     1
Armor: Animal skin       |    20 |    68 |    11 ||    99
Dodge: Dodged            |    29 |   139 |    51 ||   219

Table legend: (Time is in decaauts)
 A = Elapsed time spent in this place.
 B = Non-inter-level travel time spent in this place.
 C = Inter-level travel time spent in this place.
 D = Time resting spent in this place.
 E = Time spent auto-exploring this place.
 F = Levels seen in this place.
 G = Mean time per level.
                   A        B        C        D        E       F      G
               +--------+--------+--------+--------+--------+-----+--------+
         Total |   3837 |   3735 |    102 |     43 |   2978 |   5 |  767.4 |
       Dungeon |   3837 |   3735 |    102 |     43 |   2978 |   5 |  767.4 |
               +--------+--------+--------+--------+--------+-----+--------+

Top non-repeatable levels by time:
     D:3: 1094 daAuts
     D:2: 938 daAuts
     D:4: 884 daAuts
     D:1: 742 daAuts
     D:5: 176 daAuts
